 Dungeon Crawl Stone Soup version 0.32-a0-859-gb0a091d592 (webtiles) character file.

Game seed: 12363708800570564619

3 holysushi the Digger (level 1, -3/11 HPs)
             Began as an Octopode Earth Elementalist on Mar 27, 2024.
             Frozen to death by an endoplasm (4 damage)
             ... on level 1 of the Dungeon.
             The game lasted 00:00:22 (125 turns).

holysushi the Digger (Octopode Earth Elementalist)   Turns: 125, Time: 00:00:22

Health: -3/11      AC:  8    Str:  7    XL:     1   Next: 50%
Magic:  1/3        EV: 12    Int: 17    God:
Gold:   11         SH:  0    Dex: 12    Spells: 3/4 levels left

rFire   . . .        d - +0 dagger (protect)
rCold   . . .        (no shield)
rNeg    . . .        (helmet restricted)
rPois   .            (no amulet)
rElec   .            (no ring)
rCorr   .            (no ring)
SInv    .            (no ring)
Will    .....        (no ring)
Stlth   +++          (no ring)
HPRegen 0.21/turn    (no ring)
MPRegen 0.08/turn    (no ring)
                     (no ring)

%: no passive effects
@: under a protective aura
A: almost no armour, amphibious, 8 rings, camouflage 1, gelatinous body 1,
(nimble swimmer 1), tentacles
a: no special abilities


You were on level 1 of the Dungeon.
You visited 1 branch of the dungeon, and saw 1 of its levels.

You collected 11 gold pieces.

Inventory:

Hand Weapons
 d - a +0 dagger of protection (weapon)
Scrolls
 b - a scroll of teleportation {unknown}
 c - a scroll of blinking {unknown}
Potions
 a - a potion of magic


   Skills:
 - Level 2.0 Dodging
 - Level 2.6 Stealth
 - Level 2.0 Spellcasting
 - Level 1.0 Conjurations
 + Level 3.2 Earth Magic


You had 3 spell levels left.
You knew the following spells:

 Your Spells              Type           Power      Damage    Failure   Level
a - Sandblast             Erth           24%        2d8       4%          1

Your spell library contained the following spells:

 Spells                   Type           Power      Damage    Failure   Level
 Passwall                 Erth           12%        N/A       16%         3
 Stone Arrow              Conj/Erth      16%        3d8       24%         3
 Brom's Barrelling Bould  Conj/Erth      8%         2d3       63%         4
 Petrify                  Alch/Erth      7%         N/A       69%         4


Dungeon Overview and Level Annotations

Branches:
Dungeon (1/15) Zot: 5872

Altars:


Innate Abilities, Weirdness & Mutations

You cannot wear most types of armour.
You are amphibious.
You can wear up to eight rings at the same time.
Your skin changes colour to match your surroundings (Stealth+).
Your rubbery body absorbs attacks. (AC +1, EV +1)
((You are camouflaged when in or above water. (Stealth+)))
You have tentacles for arms and can constrict up to eight enemies at once.


Message History

The jackal pauses to sniff the ground.
Casting: Sandblast (safe; 4% risk of failure)
Confirm with . or Enter, or press ? or * to list all spells.
Aiming: Sandblast (safe; 4% risk of failure)
Press: ? - help, Shift-Dir - straight line, f - jackal
Aim: a jackal (77% to hit)
The blast of sand hits the jackal.
The jackal is almost dead.
The jackal closely misses you. The jackal bites you. x2
Casting: Sandblast (safe; 4% risk of failure)
Confirm with . or Enter, or press ? or * to list all spells.
You don't have enough magic to cast this spell.
Unknown command.
Casting: Sandblast (safe; 4% risk of failure)
Confirm with . or Enter, or press ? or * to list all spells.
You don't have enough magic to cast this spell.
Unknown command.
The jackal attacks as it pursues you! The jackal misses you.
The jackal attacks as it pursues you! The jackal bites you.
The jackal misses you. The jackal bites you. The jackal barely misses you.
There is an open door here.
You hit the jackal but do no damage.
Your weapon exudes an aura of protection.
Your grab misses the jackal. The jackal closely misses you.
You barely miss the endoplasm. The jackal bites you. The endoplasm freezes you.
You are frozen.
You closely miss the jackal. You grab the jackal. You constrict the jackal.
The jackal bites you but does no damage.
The endoplasm barely misses you. The jackal closely misses you.
You barely miss the endoplasm. You constrict the jackal.
The jackal barely misses you. The endoplasm hits you.
* * * LOW HITPOINT WARNING * * *
You hit the jackal.
Your weapon exudes an aura of protection.
You kill the jackal!
The endoplasm freezes you.
You are frozen.
You die...

#.......#
#######.......##
#.....#........#
#.ß.ß.##.......#
#..ß...##......#
#.ß.ß...##.....#
#........##....#
#.###.⌠.⌠.#J...#####
#.'.#....@#........#
#.#<#..ß..Jh.).....#
#.+.#.....#........#
#.###.⌠.⌠.#........#
#........##........#
#.ß.ß...##.........#
#..ß...##..........#
#.ß.ß.###..........#
#.....# #.......|..#


You could see an endoplasm and a jackal.

Vanquished Creatures
  A goblin (D:1)
  2 jackals (D:1)
  A rat (D:1)
4 creatures vanquished.

Notes
Turn   | Place    | Note
-------+----------+-------------------------------------------
     0 | D:1      | holysushi the Octopode Earth Elementalist began the quest
                  | for the Orb.
     0 | D:1      | Reached XP level 1. HP: 11/11 MP: 3/3
   125 | D:1      | Frozen to death by an endoplasm

Illustrated notes

Levels and vault maps discovered:
D:1:      ncdulo_halloftheorcs, layout_rooms, corexii_corridor_pit,
          serial_bayou_pond_b

Action                     || total
---------------------------++-------
  Melee: Dagger            ||     5
         Constrict         ||     1
   Cast: Sandblast         ||     5
 Armour: Skin              ||     7
  Dodge: Dodged            ||     8

Table legend: (Time is in decaauts)
 A = Elapsed time spent in this place.
 B = Non-inter-level travel time spent in this place.
 C = Inter-level travel time spent in this place.
 D = Time resting spent in this place.
 E = Time spent auto-exploring this place.
 F = Levels seen in this place.
 G = Mean time per level.
                   A        B        C        D        E       F      G
               +--------+--------+--------+--------+--------+-----+--------+
         Total |    127 |    127 |      0 |      0 |     78 |   1 |  127.0 |
       Dungeon |    127 |    127 |      0 |      0 |     78 |   1 |  127.0 |
               +--------+--------+--------+--------+--------+-----+--------+

Top non-repeatable levels by time:
     D:1: 127 daAuts
